Map: Battle on the Boardwalk LE

Players

Solar - Winner!

  • Race: Zerg Zerg
  • Spawn Location: 1:00

Patience

  • Race: Protoss Protoss
  • Spawn Location: 11:00

Event: HomeStory Cup XVI

VOD

Have the link to the VOD?

Description

Time

  • Played on: Nov. 9, 2017, 12:31 p.m.
  • Length: 6:11

All games in this series

Show
View Real Time Build Order
Export as new Build Order

Solar Zerg - Winner!

Build Orders: Hatch First 

Get SALT Encoding   

  12  0:00  Drone  
  13  0:12  Overlord  
  13  0:17  Drone  
  14  0:30  Drone x2  
  14  0:34  Drone  
  17  0:51  Hatchery  
  17  0:55  Drone  
  17  0:58  Drone  
  17  1:03  Extractor  
  17  1:13  Spawning Pool  
  17  1:17  Drone  
  17  1:19  Drone  
  18  1:28  Drone  
  19  1:40  Overlord  
  19  1:53  Drone  
  20  2:00  Queen  
  20  2:01  Zergling x2  
  23  2:03  Queen, Zergling x2  
  23  2:06  Metabolic Boost  
  26  2:11  Drone  
  26  2:14  Drone  
  28  2:26  Drone  
  29  2:36  Zergling x2  
  30  2:38  Drone x2  
  32  2:45  Drone  
  32  2:47  Overlord  
  33  2:53  Hatchery  
  33  2:54  Drone  
  33  2:58  Drone  
  34  3:05  Drone  
  35  3:14  Queen  
  35  3:16  Overlord, Drone x4  
  41  3:21  Drone x2  
  41  3:26  Overlord  
  43  3:27  Drone  
  44  3:40  Roach Warren  
  44  3:41  Drone x2  
  44  3:47  Drone x4  
  48  3:51  Drone  
  48  3:55  Lair  
  49  3:58  Extractor, Drone  
  49  3:59  Overlord  
  49  4:05  Drone  
  49  4:06  Extractor  
  49  4:09  Drone  
  50  4:11  Drone  
  50  4:15  Drone  
  52  4:17  Drone x3  
  52  4:20  Drone  
  56  4:24  Evolution Chamber  
  56  4:25  Drone x3  
  56  4:28  Drone x2  
  60  4:31  Extractor  
  60  4:32  Overlord  
  60  4:33  Roach  
  60  4:37  Roach  
  63  4:44  Roach x2  
  67  4:47  Overlord  
  67  4:50  Roach x3  
  67  4:51  Zergling x6  
  76  4:54  Zergling x2  
  76  4:55  Zergling x4  
  76  4:57  Spire  
  76  4:58  Drone  
  78  5:02  Drone x2  
  79  5:07  Drone  
  79  5:08  Extractor, Overlord  
  79  5:11  Overlord  
  79  5:17  Ravager  
  79  5:18  Drone  
  79  5:19  Ravager  
  79  5:20  Drone x2  
  84  5:21  Zergling x4  
  84  5:23  Zergling x6  
  84  5:28  Zergling x4  
  87  5:30  Zergling x2  
  87  5:32  Overlord  
  84  5:35  Drone  
  84  5:36  Drone  
  84  5:39  Overseer  
  87  5:42  Zergling x2  
  87  5:43  Zergling x2  
  87  5:48  Hatchery  
  87  5:49  Drone  
  88  5:53  Drone  
  88  5:54  Zergling x4  
Show
View Real Time Build Order
Export as new Build Order

Patience Protoss 

Build Orders: Nexus First, Phoenix Opening 

Get SALT Encoding   

  12  0:02  Probe (Chrono Boost)  
  14  0:14  Probe (Chrono Boost)  
  14  0:19  Pylon  
  14  0:26  Probe (Chrono Boost)  
  15  0:39  Probe (Chrono Boost)  
  16  0:55  Nexus  
  16  1:05  Probe (Chrono Boost)  
  16  1:06  Gateway  
  17  1:14  Probe (Chrono Boost)  
  17  1:15  Assimilator  
  18  1:20  Probe (Chrono Boost)  
  19  1:26  Assimilator  
  19  1:29  Probe (Chrono Boost)  
  20  1:38  Gateway  
  20  1:44  Probe (Chrono Boost)  
  21  1:54  Cybernetics Core  
  21  1:56  Probe (Chrono Boost)  
  22  2:03  Probe x2 (Chrono Boost)  
  24  2:10  Probe (Chrono Boost)  
  24  2:11  Probe (Chrono Boost)  
  28  2:23  Warp Gate, Probe x2 (Chrono Boost)  
  28  2:30  Sentry  
  28  2:34  Pylon  
  28  2:35  Probe x2 (Chrono Boost)  
  32  2:37  Sentry, Pylon  
  34  2:47  Probe (Chrono Boost)  
  34  2:48  Pylon  
  35  2:54  Probe (Chrono Boost)  
  36  2:58  Pylon  
  36  3:02  Probe (Chrono Boost)  
  38  3:06  Probe (Chrono Boost), Sentry  
  41  3:14  Probe (Chrono Boost)  
  41  3:18  Pylon  
  41  3:19  Probe (Chrono Boost)  
  42  3:24  Pylon  
  42  3:26  Probe (Chrono Boost)  
  43  3:27  Gateway  
  43  3:31  Probe (Chrono Boost)  
  44  3:37  Gateway  
  44  3:38  Probe (Chrono Boost)  
  44  3:39  Phoenix  
  46  3:43  Assimilator, Probe (Chrono Boost)  
  46  3:47  Assimilator  
  46  3:50  Probe (Chrono Boost)  
  46  3:55  Probe (Chrono Boost)  
  47  3:57  Robotics Facility  
  48  4:02  Probe (Chrono Boost)  
  48  4:07  Probe (Chrono Boost)  
  49  4:15  Probe (Chrono Boost), Pylon  
  50  4:19  Probe (Chrono Boost)  
  50  4:20  Nexus  
  51  4:25  Sentry  
  51  4:26  Sentry x2  
  51  4:27  Probe (Chrono Boost)  
  51  4:28  Phoenix  
  59  4:31  Probe (Chrono Boost)  
  59  4:34  Adept  
  59  4:37  Observer  
  62  4:39  Probe (Chrono Boost)  
  62  4:40  Pylon  
  62  4:43  Probe (Chrono Boost)  
  63  4:51  Probe (Chrono Boost)  
  65  4:55  Probe (Chrono Boost)  
  66  5:03  Probe (Chrono Boost)  
  66  5:04  Forge, Twilight Council  
  66  5:05  Warp Prism  
  72  5:07  Probe (Chrono Boost)  
  72  5:10  Robotics Bay  
  71  5:15  Probe (Chrono Boost)  
  71  5:20  Probe (Chrono Boost)  
  72  5:27  Probe (Chrono Boost)  
  73  5:32  Probe (Chrono Boost)  
  69  5:37  Probe (Chrono Boost)  
  69  5:39  Probe (Chrono Boost)  
  67  5:43  Stalker x3, Gateway, Sentry  
  67  5:44  Gateway, Probe (Chrono Boost)  
  67  5:49  Probe (Chrono Boost)  
  81  5:50  Gateway  
  81  5:51  Probe (Chrono Boost)  
  81  5:56  Probe (Chrono Boost)  
  82  5:58  Pylon  
Tags
 
Add a new tag
Caveats
  • Supply blocks, unpowered buildings, or Contaminate may cause inaccurate times.
  • Supply counts are checked every 10 seconds.